 Dungeon Crawl Stone Soup version 0.20.0-8-g6b59dc7 (webtiles) character file.

6245 Rrauwl the Cleaver (level 10, -3/88 HPs)
             Began as a Minotaur Abyssal Knight on May 31, 2017.
             Was an Elder of Lugonu.
             Slain by a six-headed hydra (8 damage)
             ... on level 1 of the Lair of Beasts.
             The game lasted 00:30:22 (7216 turns).

Rrauwl the Cleaver (Minotaur Abyssal Knight)        Turns: 7216, Time: 00:30:23

Health: -3/88      AC: 12    Str: 18    XL:     10   Next: 62%
Magic:  8/12       EV:  7    Int:  9    God:    Lugonu [****..]
Gold:   548        SH:  0    Dex: 10    Spells: 8/9 levels left

rFire    . . .     SeeInvis .   c - +2 whip (drain)
rCold    + . .     Gourm    .   (no shield)
rNeg     . . .     Faith    .   p - +0 chain mail
rPois    .         Spirit   .   (helmet restricted)
rElec    .         Reflect  .   q - +0 cloak
rCorr    +         Harm     .   (no gloves)
MR       .....                  (no boots)
Stlth    ..........             i - amulet of regeneration
Regen    0.7/turn               n - ring of protection from cold
MPRegen  0.2/turn               s - ring of resist corrosion

@: no status effects
A: retaliatory headbutt, fangs 1, horns 2, slimy green scales 1, clumsy 1,
evolution 1
a: Depart the Abyss, Bend Space, Banish, Corrupt, Renounce Religion


You were on level 1 of the Lair of Beasts.
You worshipped Lugonu.
Lugonu was greatly pleased with you.
You were not hungry.

You visited 3 branches of the dungeon, and saw 10 of its levels.
You visited the Abyss 1 time.

You collected 548 gold pieces.

Inventory:

Hand Weapons
 a - a +2 battleaxe of freezing
 b - a +3 longbow of velocity
 c - a +2 whip of draining (weapon)
 g - a +0 vampiric battleaxe
 w - a +4 battleaxe
Missiles
 f - 5 tomahawks of dispersal (quivered)
 h - 97 arrows
Armour
 p - a +0 chain mail (worn)
 q - a +0 cloak (worn)
Jewellery
 i - an amulet of regeneration (around neck)
 n - a ring of protection from cold (left hand)
 s - a ring of resist corrosion (right hand)
Wands
 x - a wand of paralysis (13/24)
 y - a wand of digging (10/24)
 z - a wand of polymorph (16/24)
Scrolls
 e - 4 scrolls of remove curse
 o - a scroll of identify
 u - a scroll of fear
Comestibles
 d - a royal jelly
 j - 9 chunks of flesh
 k - 5 bread rations


   Skills:
 - Level 8.0 Fighting
 + Level 12.3 Axes
 + Level 10.6 Bows
 - Level 3.0 Armour
 - Level 2.0 Dodging
 + Level 4.4 Invocations


You had 8 spell levels left.
You knew the following spells:

 Your Spells              Type           Power        Failure   Level  Hunger
a - Apportation           Tloc           #.....       99%         1    ##.....


Dungeon Overview and Level Annotations

Branches:
Dungeon (8/15)             Temple (1/1) D:5            Lair (1/6) D:8

Altars:
Ashenzari
Cheibriados
Dithmenos
Elyvilon
Fedhas
Gozag
Hepliaklqana
Kikubaaqudgha
Makhleb
Nemelex Xobeh
Okawaru
Qazlal
Ru
Sif Muna
Trog
Uskayaw
Vehumet
Xom
Yredelemnul
Zin
The Shining One

Shops:
D:4 [   D:5 ?[::[


Innate Abilities, Weirdness & Mutations

You reflexively headbutt those who attack you in melee.
You have a pair of horns on your head.
You have very sharp teeth.
You are partially covered in slimy green scales. (AC +2)
You are clumsy. (Dex -2)
You evolve.


Message History

The six-headed hydra bites you! The six-headed hydra bites you.
The six-headed hydra barely misses you.
You aren't carrying any potions.
You whack the six-headed hydra! You drain the six-headed hydra!
You bite the six-headed hydra.
The six-headed hydra is severely wounded.
The six-headed hydra bites you!
* * * LOW HITPOINT WARNING * * *
The six-headed hydra bites you but does no damage.
The six-headed hydra barely misses you.
The six-headed hydra bites you but does no damage.
The six-headed hydra bites you.
* * * LOW HITPOINT WARNING * * *
The six-headed hydra bites you!
* * * LOW HITPOINT WARNING * * *
Unknown command.
Press: ? - help, Shift-Dir - straight line, f/p - six-headed hydra
Aim: a six-headed hydra (heavily wounded, lightly drained, chance to defeat MR: 61%)
You fail to use your ability.
The six-headed hydra bites you!
You die...

........##...... #..
#..8..#......... ...##..
#.............. .....#...
#.............. .........
#.....#........) #+..###....
##..............
#.....##..l###..#.#..........
###.....##.#.D#...#............
#......# #...#@..#####.........
##.)...## #.......# #.........
#.......# #.......## #.........
#......####........# ##........
##........≈........## #........
#.......≈≈≈≈≈≈......# ##.......
###....≈≈≈≈≈≈≈≈.....# ##÷......
##.≈≈≈≈≈≈≈≈≈≈.....###.#......
#..≈≈≈..≈≈≈≈......###.......


You could see a six-headed hydra and a basilisk.

Vanquished Creatures
  An ugly thing (D:7)
  The ghost of cba the Skirmisher, a novice GrFi of the Shining One (D:7)
  Maurice (D:8)
  2 spiny frogs (Lair:1)
  2 hippogriffs
  4 yaks (Lair:1)
  Duvessa (D:5)
  3 water moccasins
  3 porcupines (D:8)
  3 orc warriors
  An ice beast (D:7)
  3 black bears (D:8)
  A sky beast (D:7)
  2 phantoms (D:8)
  2 ogres (D:4)
  2 crocodiles (D:8)
  A big kobold (D:8)
  3 bullfrogs
  Dowan (D:5)
  A wyvern skeleton (D:7)
  4 wights (D:5)
  3 howler monkeys (D:8)
  5 crimson imps
  2 hounds
  A quasit (D:8)
  A jelly (D:3)
  5 orc priests
  A centaur skeleton (D:7)
  2 iguanas
  7 orc wizards
  2 worker ants
  A hound skeleton (D:7)
  A hound zombie (D:6)
  A howler monkey zombie (D:8)
  4 gnolls (D:5)
  8 adders
  A shadow imp (D:8)
  2 oozes
  2 adder skeletons
  2 worms
  3 dart slugs
  6 leopard geckos
  18 orcs
  4 giant cockroaches
  13 goblins
  11 hobgoblins
  2 quokkas
  4 ball pythons
  10 bats
  2 frilled lizards
  14 kobolds
  A leopard gecko zombie (D:5)
  8 rats
  15 fungi (D:8)
  3 plants (D:8)
  2 withered plants (D:8)
209 creatures vanquished.

Vanquished Creatures (others)
  6 fungi (D:8)
6 creatures vanquished.

Grand Total: 215 creatures vanquished

Notes
Turn   | Place    | Note
-------+----------+-------------------------------------------
     0 | Abyss:1  | Rrauwl the Minotaur Abyssal Knight began the quest for the Orb.
     0 | Abyss:1  | Reached XP level 1. HP: 19/19 MP: 1/1
    40 | Abyss:2  | Found a shimmering altar of Xom.
    48 | Abyss:2  | Noticed a tentacled starspawn
    50 | D:1      | Escaped the Abyss
    71 | D:1      | Gained mutation: You are clumsy. (Dex -2) [potion of mutation]
    71 | D:1      | Gained mutation: You evolve. [potion of mutation]
   122 | D:1      | Reached * piety under Lugonu
   122 | D:1      | Reached XP level 2. HP: 27/27 MP: 2/2
   314 | D:1      | Reached skill level 3 in Axes
   826 | D:1      | Reached XP level 3. HP: 31/33 MP: 3/3
  1269 | D:2      | Reached XP level 4. HP: 40/40 MP: 4/4
  1291 | D:2      | Learned a level 1 spell: Apportation
  1342 | D:2      | Reached skill level 4 in Axes
  1412 | D:2      | Gained mutation: You have very sharp teeth. [evolution]
  1437 | D:2      | Reached ** piety under Lugonu
  2048 | D:3      | Reached skill level 1 in Bows
  2123 | D:3      | Reached XP level 5. HP: 46/46 MP: 5/5
  2150 | D:3      | Found a glowing silver altar of Zin.
  2153 | D:3      | Reached skill level 5 in Axes
  2498 | D:4      | Noticed an ogre
  2504 | D:4      | Killed an ogre
  2504 | D:4      | Reached XP level 6. HP: 30/52 MP: 6/6
  2642 | D:4      | Reached *** piety under Lugonu
  2643 | D:4      | Reached skill level 6 in Axes
  2694 | D:4      | Found a burning altar of Makhleb.
  2715 | D:4      | Found an iron altar of Okawaru.
  2767 | D:4      | Found Ripn's Antique Armour Boutique.
  2903 | D:4      | Found a blossoming altar of Fedhas.
  2910 | D:4      | Reached XP level 7. HP: 60/60 MP: 7/7
  3088 | D:4      | Reached skill level 5 in Fighting
  3117 | D:4      | Found a radiant altar of Vehumet.
  3219 | D:5      | Entered Level 5 of the Dungeon
  3236 | D:5      | Found Meiq's Armour Shoppe.
  3248 | D:5      | Found Kofinut's Book Emporium.
  3266 | D:5      | Found a staircase to the Ecumenical Temple.
  3299 | Temple   | Entered the Ecumenical Temple
  3558 | D:5      | Found Uwiorutu's Armour Shoppe.
  3575 | D:5      | Noticed Duvessa
  3582 | D:5      | Killed Duvessa
  3589 | D:5      | Noticed Dowan
  3592 | D:5      | Killed Dowan
  3592 | D:5      | Reached skill level 7 in Axes
  3630 | D:5      | Found Ishryagu's Magic Scroll Shoppe.
  3729 | D:5      | Reached skill level 5 in Bows
  3866 | D:5      | Found Fangih's Book Boutique.
  4135 | D:6      | Reached XP level 8. HP: 70/70 MP: 8/8
  4711 | D:7      | Noticed a white ugly thing
  4727 | D:7      | Killed a white ugly thing
  4727 | D:7      | Reached skill level 8 in Axes
  4782 | D:7      | Noticed cba's ghost (novice GrFi)
  4814 | D:7      | Killed cba's ghost
  4814 | D:7      | Reached skill level 9 in Axes
  4814 | D:7      | Reached XP level 9. HP: 51/81 MP: 9/9
  4876 | D:7      | Reached **** piety under Lugonu
  5378 | D:7      | Found an iron altar of Okawaru.
  5378 | D:7      | Found a shimmering altar of Xom.
  5392 | D:7      | Found a sacrificial altar of Ru.
  5481 | D:8      | Reached skill level 10 in Axes
  5622 | D:8      | Found an ancient bone altar of Kikubaaqudgha.
  5826 | D:8      | Gained mutation: You are partially covered in slimy green scales. (AC +2) [evolution]
  5853 | D:8      | Reached skill level 11 in Axes
  5871 | D:8      | Reached XP level 10. HP: 46/88 MP: 10/10
  5988 | D:8      | Found a staircase to the Lair.
  6096 | D:8      | Found a deep blue altar of Sif Muna.
  6142 | D:8      | Noticed Maurice
  6158 | D:8      | Paralysed by Maurice for 4 turns
  6665 | D:8      | Killed Maurice
  6665 | D:8      | Reached skill level 10 in Bows
  6714 | Lair:1   | Entered Level 1 of the Lair of Beasts
  6793 | Lair:1   | Noticed a spiny frog
  6803 | Lair:1   | Killed a spiny frog
  6816 | Lair:1   | HP: 4/88 [poisoned by a water moccasin]
  6821 | Lair:1   | HP: 2/88 [poisoned by a water moccasin]
  6827 | Lair:1   | HP: 3/88 [poisoned by a water moccasin]
  7032 | Lair:1   | Noticed a spiny frog
  7037 | Lair:1   | Killed a spiny frog
  7037 | Lair:1   | Reached skill level 12 in Axes
  7209 | Lair:1   | Noticed a six-headed hydra
  7215 | Lair:1   | HP: 4/88 [six-headed hydra (7)]
  7216 | Lair:1   | Slain by a six-headed hydra

Skill      XL: |  1  2  3  4  5  6  7  8  9 10 |
---------------+-------------------------------+-----
Invocations    | 2 4 |  4.4
Axes           | 3 4 5 6 7 9 11 12 | 12.3
Armour         | 3 |  3.0
Fighting       | 4 6 7 8 |  8.0
Dodging        | 2 |  2.0
Bows           | 1 3 4 5 7 9 10 | 10.6

Action                   |  1- 3 |  4- 6 |  7- 9 | 10-12 || total
-------------------------+-------+-------+-------+-------++-------
Melee: Battleaxe         |    82 |    84 |    69 |   112 ||   347
       Headbutt          |     1 |     4 |    13 |    17 ||    35
       Bite              |       |     5 |     5 |    14 ||    24
       Whip              |       |       |       |     4 ||     4
 Fire: Longbow           |       |    36 |   161 |    12 ||   209
Invok: Depart the Abyss  |     1 |       |       |       ||     1
       Banish            |       |       |       |     1 ||     1
Evoke: Wand              |       |       |     1 |       ||     1
  Use: Scroll            |     6 |     4 |     5 |     1 ||    16
       Potion            |     2 |     3 |     5 |       ||    10
 Stab: Paralysed         |       |       |     7 |       ||     7
  Eat: Chunk             |     1 |     6 |     5 |     3 ||    15
       Fruit             |       |       |     2 |       ||     2
       Royal jelly       |       |       |     1 |     1 ||     2
Armor: Leather armour    |    41 |    13 |       |       ||    54
       Chain mail        |       |    19 |    60 |    49 ||   128
Dodge: Dodged            |    57 |    45 |    28 |    28 ||   158
